 Dungeon Crawl Stone Soup version 0.28.0 (console) character file.

Game seed: 806807509571541511

84469 jejorda2 the Fighter (level 15, -6/88 HPs)
             Began as a Vine Stalker Berserker on Feb 16, 2022.
             Was an Elder of Trog.
             Killed from afar by a wretched star (21 damage)
             ... with a lance of force
             ... on level 2 of the Abyss.
             The game lasted 01:30:21 (24579 turns).

jejorda2 the Fighter (Vine Stalker Berserker)      Turns: 24579, Time: 01:30:22

Health: -6/88      AC: 28    Str: 28 (29) XL:     15   Next: 80%
Magic:  0/5        EV:  8    Int:  5 (7)  God:    Trog [****..]
Gold:   312        SH: 10    Dex: 10 (15) Spells: 14/14 levels left

rFire   + + .      SeeInvis +   a - +1 short sword (speed)
rCold   + + +      Faith    .   U - +0 kite shield
rNeg    . . .      Spirit   +   P - +8 chain mail of Deoghequip {Fly rPois rC+ Stlth+}
rPois   +          Reflect  .   H - +1 helmet {SInv}
rElec   +          Harm     .   O - scarf {rC+ rF+}
rCorr   .          Rampage  .   K - +0 pair of gloves
Will    +++..                   b - +0 pair of boots
Stlth   ..........              E - amulet of regeneration
HPRegen 2.84/turn               Q - ring "Vetwoteo" {rElec rF+ rC+++ MP-9 Str+3}
MPRegen 0.09/turn               y - +4 ring of protection

@: strong-willed, on berserk cooldown, flying, regenerating, slowed, studying
Fighting, very slow
A: fangs 3, regeneration 1, magic shield, antimagic bite, no potion heal 2,
deterioration 1, low MP 1
a: Renounce Religion, Berserk, Trog's Hand, Brothers in Arms


You were on level 2 of the Abyss.
You worshipped Trog.
Trog was greatly pleased with you.
You visited 3 branches of the dungeon, and saw 22 of its levels.
You visited the Abyss 1 time.
You also visited: Gauntlet, Ice Cave and Volcano.

You collected 2456 gold pieces.
You spent 2144 gold pieces at shops.

Inventory:

Hand Weapons
 a - a +1 short sword of speed (weapon)
 d - a +1 dagger
 V - a +0 demon whip
Missiles
 c - 770 stones (quivered)
 h - 3 throwing nets
 k - 19 poisoned darts
 m - 32 boomerangs
 n - 9 curare-tipped darts
 M - a silver boomerang
 R - 8 silver javelins
Armour
 b - a +0 pair of boots (worn)
 H - a +1 helmet of see invisible (worn)
 K - a +0 pair of gloves (worn)
 O - a scarf of resistance (worn)
 P - the +8 chain mail of Deoghequip (worn) {Fly rPois rC+ Stlth+}
   (You found it in a Gauntlet)

   rC:        It protects you from cold.
   rPois:     It protects you from poison.
   Fly:       It grants you flight.
   Stlth:     It makes you more stealthy.
 U - a +0 kite shield (worn)
Jewellery
 p - a ring of positive energy
 y - a +4 ring of protection (right hand)
 E - an amulet of regeneration (around neck)
 Q - the ring "Vetwoteo" (left hand) {rElec rF+ rC+++ MP-9 Str+3}
   (You found it in a Gauntlet)

   [ring of protection from fire]

   Str:       It affects your strength (+3).
   rF:        It protects you from fire.
   rC:        It renders you almost immune to cold.
   rElec:     It insulates you from electricity.
   MP:        It affects your magic capacity (-9).
Wands
 f - a wand of flame (46)
 g - a wand of paralysis (7)
 s - a wand of polymorph (13)
 t - a wand of charming (4)
 B - a wand of mindburst (6)
 J - a wand of iceblast (25)
 T - a wand of digging (5)
Scrolls
 o - 8 scrolls of identify
 r - 4 scrolls of blinking
 v - 5 scrolls of fear
 D - 4 scrolls of magic mapping
 F - a scroll of teleportation
 G - 3 scrolls of enchant weapon
 I - 2 scrolls of silence
 L - a scroll of torment
 N - 2 scrolls of fog
Potions
 e - a potion of ambrosia
 i - 10 potions of curing
 j - 3 potions of resistance
 l - 4 potions of haste
 q - 3 potions of cancellation
 u - 2 potions of magic
 w - 7 potions of might
 x - a potion of berserk rage
 z - 5 potions of attraction
Miscellaneous
 A - a phial of floods
 C - a condenser vane
 S - a lightning rod (4/4)


   Skills:
 + Level 14.6 Fighting
 - Level 12.0 Short Blades
 * Level 11.3 Throwing
 - Level 9.0 Armour
 - Level 3.3 Dodging
 + Level 8.6 Shields
 - Level 6.0 Evocations


You had 14 spell levels left.
You didn't know any spells.
Your spell library was empty.

Dungeon Overview and Level Annotations

Branches:
Dungeon (14/15)            Temple (0/1) D:6            Lair (6/6) D:8
 Shoals (0/4) Lair:4        Snake (0/4) Lair:4        Slime (0/5) Lair:6
    Orc (2/2) D:10            Elf (0/3) Orc:2         IceCv (visited)
Volcano (visited)         Gauntlet (visited)
 Vaults: D:13-14

Altars:
Ashenzari
Elyvilon
Fedhas
Vehumet
Wu Jian
Yredelemnul
Zin

Shops:
D:5 !(   D:6 (:   D:9 ?   D:10 *[(   Orc:2 *([*:

Annotations:
D:3 2 transporters, browni3141's ghost, amateur MiBe
D:5 1 runed translucent door, Enver's ghost, novice DrHu
D:8 exclusion: oklob plant


Innate Abilities, Weirdness & Mutations

You have razor-sharp teeth.
Your natural rate of healing is unusually fast.
When hurt, damage is shared between your health and your magic reserves.
Your bite disrupts and absorbs the magic of your enemies.
Potions cannot restore your health.
Your body sometimes deteriorates upon taking damage.
Your magical capacity is low. (-10% MP)


Message History

You block the freezing wraith's attack.
The rakshasa hits you but does no damage.
Okay, then.
Unknown command.
Unknown command.
You fail to use your ability.
The freezing wraith hits you but does no damage.
The freezing wraith hits you.
* * * LOW HITPOINT WARNING * * *
The freezing wraith drains your vigour!
You feel yourself slow down. The rakshasa hits you with a +3 whip!
* * * LOW HITPOINT WARNING * * *
The freezing wraith hits you but does no damage. x2
The wretched star glows turbulently.
The lance of force misses you.
The rakshasa hits you but does no damage.
The freezing wraith barely misses you. x2
The wretched star glows turbulently.
The lance of force hits you but does no damage.
You block the rakshasa's attack.
You closely miss the rakshasa. You bite the rakshasa.
The rakshasa's magic leaks into the air.
You drain its magic.
You feel invigorated.
The rakshasa is lightly wounded.
The rakshasa's magic is no longer disrupted.
You hit the rakshasa but do no damage.
You bite the rakshasa, but do no damage.
The rakshasa is lightly wounded.
The rakshasa hits you with a +3 whip!
* * * LOW HITPOINT WARNING * * *
Your body deteriorates!
You feel clumsy.
You closely miss the rakshasa.
The rakshasa is lightly wounded.
The rakshasa hits you with a +3 whip.
* * * LOW HITPOINT WARNING * * *
You puncture the rakshasa! Your bite misses the rakshasa.
The rakshasa is lightly wounded.
The wretched star glows turbulently.
The lance of force hits you!!
You die...

#.. #.. ..
.... . . # ##.
....#. .. # .#
### .. # #.##
#≈≈ .. . # ##
#...#≈≈≈≈ . .
.###...#W≈....
.....#.# ≈...
. # ###*.# .
.#... .
#@RW#..## #...
. ###.## ....
..# # ...... .
#.#. .......
.. . .. ....
.. .# #.. #..
. # .#. . .
##.. .


You could see a wretched star, a rakshasa and a freezing wraith.

Vanquished Creatures
  Rupert (Lair:6)
  A tentacled starspawn (Abyss:2)
  Kirke (Lair:4)
  A balrug (Abyss:2)
  2 orc warlords
  Azrael (Orc:2)
  A minotaur (Gauntlet)
  Snorg (D:12)
  2 fire dragons
  Harold (D:9)
  2 boulder beetles
  5 hydras
  A catoblepas (Lair:6)
  2 ironbound frosthearts (IceCv)
  2 two-headed ogres
  Erica (D:11)
  3 centaur warriors
  7 death yaks
  2 tengu warriors
  2 orc high priests (Orc:2)
  A hell knight (Volcano)
  A sun demon (Volcano)
  A wretched star (Abyss:2)
  A swamp dragon (Lair:6)
  4 orc knights (Orc:2)
  3 lindwurms
  3 ugly things
  2 cyclopes
  5 orc sorcerers (Orc:2)
  4 manticores
  2 elephants (Lair:6)
  A centaur zombie (D:11)
  An ice statue (IceCv)
  2 molten gargoyles (Volcano)
  8 black mambas
  A dire elephant skeleton (Abyss:2)
  3 torpor snails
  14 cane toads
  4 rime drakes
  Maggie (D:6)
  A freezing wraith (Abyss:2)
  4 kobold demonologists
  3 komodo dragons
  4 tengu conjurers
  A red devil (Volcano)
  4 trolls
  2 ancient zymes (Abyss:2)
  3 meliai (Gauntlet)
  14 polar bears
  3 hornets
  21 blink frogs
  4 raiju (Abyss:2)
  11 dream sheep
  A wyvern (shapeshifter) (D:13)
  A ynoxinul (Abyss:2)
  40 yaks
  2 wraiths
  3 hogs (Lair:4)
  6 fire bats (Volcano)
  7 basilisks
  4 fire elementals (Orc:2)
  2 wyverns
  4 steam dragons
  A vampire mosquito (D:14)
  2 neqoxecs (Abyss:2)
  2 wargs
  4 nagas (Lair:4)
  2 acid dragons
  A large abomination (Abyss:2)
  14 water moccasins
  3 hell hounds
  2 black bears
  A necrophage (D:6)
  3 swamp drakes (Lair:6)
  A hornet zombie (D:7)
  41 orc warriors
  29 wolves
  8 ogres
  5 centaurs
  5 kobold brigands
  12 bullfrogs
  6 scorpions
  2 small abominations (Abyss:2)
  A water moccasin zombie (D:5)
  A wyvern skeleton (D:6)
  2 water moccasin skeletons
  10 killer bees
  3 howler monkeys (D:9)
  7 crimson imps (D:9)
  A bullfrog zombie (D:7)
  6 lava snakes (Volcano)
  3 jellies
  A quasit (Abyss:2)
  A gnoll shaman (D:4)
  2 hounds
  35 orc priests
  A centaur skeleton (D:7)
  4 iguanas (Lair:6)
  Ijyb (D:4)
  31 orc wizards
  2 hell rats (Lair:6)
  A statue (D:7)
  2 howler monkey zombies
  3 gnolls (D:4)
  8 river rats (Lair:6)
  4 adders
  A shadow imp (D:9)
  A white imp (D:9)
  An adder skeleton (D:4)
  A worm (D:3)
  5 dart slugs
  92 orcs
  4 endoplasms (D:2)
  3 giant cockroaches (D:1)
  9 goblins
  5 hobgoblins
  9 jackals
  21 kobolds
  2 quokkas
  11 ball pythons
  5 bats
  2 frilled lizards
  5 rats
  A spectral goblin (D:1)
698 creatures vanquished.

Vanquished Creatures (collateral kills)
  A hydra (Lair:2)
  A large abomination (Abyss:2)
  A cane toad (Lair:2)
  An orc warrior (Orc:2)
  A bullfrog (Lair:2)
  6 orcs
11 creatures vanquished.

Vanquished Creatures (others)
  An orc high priest (Orc:2)
  A worldbinder (Abyss:2)
  A basilisk (Lair:6)
  A swamp drake (Lair:6)
  2 orcs (D:6)
  12 fungi
  13 plants
  2 starspawn tentacles (Abyss:2)
33 creatures vanquished.

Grand Total: 742 creatures vanquished

Notes
Turn   | Place    | Note
-------+----------+-------------------------------------------
     0 | D:1      | jejorda2 the Vine Stalker Berserker began the quest for the
                  | Orb.
     0 | D:1      | Reached XP level 1. HP: 11/11 MP: 2/2
   152 | D:1      | Reached XP level 2. HP: 15/16 MP: 3/3
   265 | D:1      | Found a faded altar of an unknown god.
   805 | D:1      | Reached skill level 3 in Fighting
   835 | D:1      | Reached XP level 3. HP: 20/20 MP: 4/4
  1475 | D:2      | Reached ** piety under Trog
  1795 | D:2      | Gained mutation: Your natural rate of healing is unusually
                  | fast. [Vine Stalker growth]
  1795 | D:2      | Reached XP level 4. HP: 19/24 MP: 5/5
  2459 | D:3      | Noticed browni3141's ghost (amateur MiBe)
  2474 | D:3      | Found a transporter.
  2600 | D:3      | Found a glowing silver altar of Zin.
  2600 | D:3      | Noticed an angel
  3024 | D:3      | Found a transporter.
  3078 | D:4      | Noticed a scorpion
  3088 | D:4      | Killed a scorpion
  3089 | D:4      | Reached XP level 5. HP: 27/28 MP: 6/6
  3524 | D:3      | Reached XP level 6. HP: 30/33 MP: 4/7
  3655 | D:4      | Noticed a black bear
  3662 | D:4      | Killed a black bear
  3663 | D:4      | Reached skill level 4 in Fighting
  3663 | D:4      | Reached skill level 5 in Short Blades
  3738 | D:4      | Reached XP level 7. HP: 37/37 MP: 6/8
  3944 | D:4      | Noticed Ijyb
  3970 | D:4      | Killed Ijyb
  4488 | D:5      | Entered Level 5 of the Dungeon
  4552 | D:5      | Gained mutation: You have razor-sharp teeth. [Vine Stalker
                  | growth]
  4552 | D:5      | Reached XP level 8. HP: 42/42 MP: 9/9
  4553 | D:5      | Found a runed translucent door.
  4553 | D:5      | Noticed Enver's ghost (novice DrHu)
  4806 | D:5      | Reached skill level 5 in Fighting
  4970 | D:5      | Found a white marble altar of Elyvilon.
  5175 | D:5      | Found Fitya's Antique Weapon Shop.
  5297 | D:5      | Found Lacvin's Distillery.
  5306 | D:5      | Bought a potion of curing for 45 gold pieces
  5595 | D:6      | Found a staircase to the Ecumenical Temple.
  5606 | D:6      | Noticed Maggie
  5618 | D:6      | Killed Maggie
  5633 | D:6      | Reached XP level 9. HP: 45/48 MP: 5/10
  5635 | D:6      | Reached skill level 5 in Armour
  5659 | D:6      | Reached skill level 6 in Fighting
  6003 | D:6      | You fall into a shaft and drop 2 floors!
  6173 | D:6      | Reached *** piety under Trog
  6184 | D:6      | Found Pushraa's Book Shoppe.
  6239 | D:6      | Found a basalt altar of Yredelemnul.
  6486 | D:6      | Found Vidimyam's Weapon Shop.
  6769 | D:7      | Reached skill level 7 in Fighting
  6858 | D:7      | Found a radiant altar of Vehumet.
  7278 | D:8      | Found an ornate altar of the Wu Jian Council.
  7281 | D:8      | Noticed a hornet
  7292 | D:8      | Killed a hornet
  7293 | D:8      | Reached XP level 10. HP: 44/55 MP: 8/11
  7311 | D:8      | Reached skill level 10 in Short Blades
  7746 | D:8      | Found a blossoming altar of Fedhas.
  7766 | D:8      | Noticed an oklob plant
  7916 | D:8      | Found a staircase to the Lair.
  8400 | D:9      | Noticed Harold
  8415 | D:9      | Killed Harold
  8416 | D:9      | Reached skill level 8 in Fighting
  8702 | D:9      | Reached **** piety under Trog
  8836 | D:9      | Found Quadeale's Magic Scroll Shoppe.
  8850 | D:9      | Bought a scroll of enchant armour for 105 gold pieces
  8882 | D:10     | Entered Level 10 of the Dungeon
  9029 | D:10     | Noticed a two-headed ogre
  9046 | D:10     | Killed a two-headed ogre
  9144 | D:10     | Noticed a kobold demonologist
  9149 | D:10     | Killed a kobold demonologist
  9150 | D:10     | Reached XP level 11. HP: 60/60 MP: 12/12
  9233 | D:10     | Found Catu's Weapon Shop.
  9233 | D:10     | Found a staircase to the Orcish Mines.
  9233 | D:10     | Found Qicweh's Armour Shop.
  9253 | D:10     | Reached skill level 9 in Fighting
  9413 | D:10     | Found Rusy's Assorted Antiques.
  9418 | D:10     | Bought a scroll labelled DOSMEO OSAM for 41 gold pieces
  9814 | D:10     | Bought a +0 pair of gloves for 67 gold pieces
  9895 | Lair:1   | Entered Level 1 of the Lair of Beasts
  9912 | Lair:1   | Found a frozen archway.
  9968 | IceCv    | Entered an ice cave
 10054 | IceCv    | Noticed a death yak
 10054 | IceCv    | Noticed a death yak
 10067 | IceCv    | Killed a death yak
 10075 | IceCv    | Killed a death yak
 10132 | IceCv    | Found the +4 skin of Zhor {*Englaciate rC+++ SInv}
 10214 | IceCv    | Reached skill level 10 in Fighting
 10461 | IceCv    | Reached skill level 1 in Throwing
 10533 | IceCv    | Noticed a death yak
 10533 | IceCv    | Noticed an ironbound frostheart
 10533 | IceCv    | Noticed a death yak
 10593 | IceCv    | Killed an ironbound frostheart
 10627 | IceCv    | Killed a death yak
 10628 | IceCv    | Reached XP level 12. HP: 52/68 MP: 13/13
 10672 | IceCv    | Noticed an ironbound frostheart
 10680 | IceCv    | Killed a death yak
 10701 | IceCv    | Killed an ironbound frostheart
 11060 | IceCv    | Reached skill level 11 in Fighting
 11936 | Lair:2   | Noticed a four-headed hydra
 11940 | Lair:2   | Killed a four-headed hydra
 12246 | Lair:2   | Reached skill level 5 in Throwing
 12748 | Lair:3   | Found a dark tunnel.
 12777 | Lair:3   | Reached XP level 13. HP: 56/74 MP: 14/14
 12799 | Volcano  | Entered a volcano
 12886 | Volcano  | Reached ***** piety under Trog
 12939 | Volcano  | Found a radiant altar of Vehumet.
 12981 | Volcano  | Reached skill level 12 in Fighting
 13099 | Volcano  | Identified the +2 helmet of Mar Simo {Int+4}
 13815 | Lair:4   | Reached skill level 1 in Evocations
 13965 | Lair:4   | Found a staircase to the Shoals.
 14098 | Lair:4   | Found a staircase to the Snake Pit.
 14229 | Lair:4   | Noticed Kirke
 14278 | Lair:4   | Killed Kirke
 14643 | Lair:4   | Identified the +1 leather armour of Ehel {rElec Dex+2}
 15111 | Lair:5   | Reached skill level 5 in Evocations
 15111 | Lair:5   | Reached XP level 14. HP: 81/81 MP: 15/15
 15213 | Lair:5   | Found a gate leading to a gauntlet.
 15225 | Gauntlet | Entered a Gauntlet
 15225 | Gauntlet | Found a transporter.
 15225 | Gauntlet | Found a transporter.
 15225 | Gauntlet | Found a runed translucent door.
 15225 | Gauntlet | Found a runed translucent door.
 15243 | Gauntlet | Found a transporter.
 15247 | Gauntlet | Found a transporter.
 15256 | Gauntlet | Found a transporter.
 15259 | Gauntlet | Found a transporter.
 15270 | Gauntlet | Found a transporter.
 15282 | Gauntlet | Found a transporter.
 15286 | Gauntlet | Found a runed translucent door.
 15300 | Gauntlet | Found a transporter.
 15301 | Gauntlet | Found a transporter.
 15309 | Gauntlet | Found a transporter.
 15313 | Gauntlet | Found a transporter.
 15457 | Gauntlet | Received a gift from Trog
 15517 | Gauntlet | Identified the +8 chain mail of Deoghequip {Fly rPois rC+
                  | Stlth+}
 15530 | Gauntlet | Identified the ring "Vetwoteo" {rElec rF+ rC+++ MP-9 Str+3}
 15547 | Gauntlet | Identified the +10 hand axe "Hulk" {pain, Str+2}
 15930 | Lair:5   | Reached skill level 1 in Shields
 16229 | Lair:5   | Reached skill level 13 in Fighting
 16676 | Lair:6   | Entered Level 6 of the Lair of Beasts
 17191 | Lair:6   | Noticed Rupert
 17211 | Lair:6   | Killed Rupert
 17256 | Lair:6   | Found a staircase to the Slime Pits.
 17700 | Lair:6   | Received a gift from Trog
 17897 | Lair:6   | Reached skill level 5 in Shields
 18475 | Orc:1    | Entered Level 1 of the Orcish Mines
 18612 | Orc:1    | Noticed an orc warlord
 18628 | Orc:1    | Killed an orc warlord
 18629 | Orc:1    | Reached XP level 15. HP: 86/86 MP: 7/16
 18995 | Orc:2    | Entered Level 2 of the Orcish Mines
 19266 | Orc:2    | Found a staircase to the Elven Halls.
 19403 | Orc:2    | Reached skill level 10 in Throwing
 19593 | Orc:2    | Found Waineeheu's Assorted Antiques.
 19660 | Orc:2    | Noticed an orc warlord
 19693 | Orc:2    | Killed an orc warlord
 19796 | Orc:2    | Received a gift from Trog
 19813 | Orc:2    | Paralysed by an orc sorcerer for 5 turns
 19824 | Orc:2    | Gained mutation: You sometimes lose the ability to read
                  | scrolls when taking damage. [a neqoxec]
 19931 | Orc:2    | Noticed Azrael
 19994 | Orc:2    | Killed Azrael
 20360 | Orc:2    | Reached skill level 14 in Fighting
 20374 | Orc:2    | Found Dakatt's General Store.
 20375 | Orc:2    | Found Cereyn's Book Shop.
 20376 | Orc:2    | Found Zoruog's Antique Armour Boutique.
 20376 | Orc:2    | Found Qapneo's Antique Weapon Boutique.
 20564 | Orc:2    | Bought a pair of transparent gloves for 323 gold pieces
 20564 | Orc:2    | Identified the +2 pair of gloves of Negligence {rPois rF-
                  | rC+++ Int-5} (You bought it in a shop on level 2 of the
                  | Orcish Mines)
 20574 | Orc:2    | Bought a manual of Fighting for 1120 gold pieces
 20583 | Orc:2    | Bought a glimmering chain mail for 323 gold pieces
 20583 | Orc:2    | Identified the +5 chain mail of Ucrux {rElec rC+} (You
                  | bought it in a shop on level 2 of the Orcish Mines)
 21158 | D:11     | Noticed Erica
 21182 | D:11     | Killed Erica
 21232 | D:11     | Received a gift from Trog
 21913 | D:5      | Bought a potion of mutation for 120 gold pieces
 21914 | D:5      | Lost mutation: You sometimes lose the ability to read
                  | scrolls when taking damage. [potion of mutation]
 21914 | D:5      | Gained mutation: Your spells are a little easier to cast,
                  | but a little less powerful. [potion of mutation]
 21914 | D:5      | Gained mutation: You are frail. (-10% HP) [potion of
                  | mutation]
 21915 | D:5      | Lost mutation: Your spells are a little easier to cast, but
                  | a little less powerful. [potion of mutation]
 21915 | D:5      | Lost mutation: You are frail. (-10% HP) [potion of
                  | mutation]
 21915 | D:5      | Gained mutation: Your body sometimes deteriorates upon
                  | taking damage. [potion of mutation]
 22257 | D:12     | Noticed Snorg
 22267 | D:12     | Killed Snorg
 23016 | D:13     | Found a broken altar of Ashenzari.
 24171 | D:14     | Cast into level 2 of the Abyss (a wizard)
 24349 | Abyss:2  | Noticed a balrug
 24365 | Abyss:2  | Killed a balrug
 24482 | Abyss:2  | Noticed a tentacled starspawn
 24501 | Abyss:2  | Killed a tentacled starspawn
 24542 | Abyss:2  | Gained mutation: Your magical capacity is low. (-10% MP) [a
                  | neqoxec]
 24579 | Abyss:2  | Killed from afar by a wretched star

Illustrated notes

Levels and vault maps discovered:
D:1:      roderic_octagonal_star, layout_rooms,
          dreamdust_ecumenical_altar_drowned_temple
D:2:      layout_basic, serial_curves, eino_curves_02, eino_curves_01
D:3:      layout_loops_ring, zin_angel, gammafunk_ghost_stat_death,
          solitary_fountain
D:4:      kennysheep_the_goblin_king, layout_loops_ring
D:5:      layout_loops_corners, mainiacjoe_overflow_surrounded_room,
          serial_shops, nicolae_square_shop, shop, ebering_ghost_reflecting_pool
D:6:      layout_basic, mainiacjoe_overflow_brackets,
          minmay_temple_entry_arrows, serial_shops, nicolae_shop_stone,
          nicolae_inconvenience_store, uniq_maggie
D:7:      layout_loops_ring, vehumet_statue
D:8:      layout_rooms, nicolae_wu_jian_wuxing_cycle, tgw_fedhas,
          lair_entry_dummy, chequers_serial_rivers_small_b, grunt_decor_clamped
D:9:      layout_basic, serial_shops, nicolae_lakefront_shop, minmay_nine_imps,
          uniq_harold
D:10:     layout_irregular_city, orc_david_3, serial_shops, shop
D:11:     layout_loops_ring, minivault_24, uniq_erica
D:12:     layout_long_grid, uniq_snorg
D:13:     layout_roguey, nicolae_ashenzari_panopticon
D:14:     layout_layer_cave, david_vaults_4, minmay_fountain_box, serial_shops,
          nicolae_diamond_shop, drop_trap
Lair:1:   layout_regular_city, portal_ice_cave_entry_pillars_1,
          lemuel_old_faithful
Lair:2:   hellmonk_ruined_rings, layout_hall_layers
Lair:3:   layout_hall_layers, nicolae_volcano_entry_vermiform,
          serial_bayou_crossing
Lair:4:   layout_hall_layers, elwin_shoals_entry_rocks,
          minmay_snake_entry_guardpost_small, beast_lair_carwin_2, uniq_kirke
Lair:5:   layout_cave_pods, gauntlet_entry_generic
Lair:6:   hangedman_lair_in_review, layout_regular_city,
          guppyfry_lair_end_dragon, slime_dummy, kennysheep_rathole, uniq_rupert
Orc:1:    layout_caves
Orc:2:    st_orc_congregation, layout_diamond_mine, serial_shops,
          nicolae_shop_window_shopping, guppyfry_library_mini, uniq_azrael
Abyss:2:  base:
D:6

Skill      XL: |  1  2  3  4  5  6  7  8  9 10 11 12 13 14 15 |
---------------+----------------------------------------------+-----
Short Blades   | 3 4 5 6 7 9 10 12 | 12.0
Fighting       | 3 4 5 7 8 10 11 12 13 14 | 14.6
Armour         | 2 3 4 5 6 7 9 |  9.0
Throwing       | 2 5 8 9 11 | 11.3
Dodging        | 3 |  3.3
Evocations     | 5 6 |  6.0
Shields        | 6 8 |  8.6

Action                   |  1- 3 |  4- 6 |  7- 9 | 10-12 | 13-15 || total
-------------------------+-------+-------+-------+-------+-------++-------
Melee: Dagger            |   107 |   146 |   350 |   114 |       ||   717
       Short sword       |     1 |       |       |   769 |  2368 ||  3138
       Bite              |    26 |    41 |   115 |   345 |   999 ||  1526
       Punch             |     2 |     6 |    10 |    13 |    22 ||    53
       Unarmed           |       |       |    19 |       |       ||    19
Throw: Stone             |     9 |    22 |     3 |    17 |    84 ||   135
       Dart              |       |       |       |     3 |     8 ||    11
Invok: Berserk           |     2 |     6 |    10 |    10 |    21 ||    49
       Trog's Hand       |       |       |     1 |     3 |     8 ||    12
       Brothers in Arms  |       |       |       |     1 |     4 ||     5
Evoke: Phial of floods   |       |       |       |       |     1 ||     1
       Condenser vane    |       |       |       |       |     1 ||     1
  Use: Scroll            |       |       |    11 |    13 |     6 ||    30
       Potion            |       |       |       |       |     5 ||     5
 Stab: Sleeping          |     1 |     3 |       |       |       ||     4
Armor: Animal skin       |    22 |     6 |       |    74 |       ||   102
       Ring mail         |       |    12 |    67 |       |       ||    79
       Swamp dragon scal |       |       |    59 |   143 |   157 ||   359
       Chain mail        |       |       |       |       |   557 ||   557
Dodge: Dodged            |    66 |    56 |   173 |   199 |   522 ||  1016
Block: Buckler           |       |       |       |       |   150 ||   150
       Kite shield       |       |       |       |       |    98 ||    98
